 Dungeon Crawl Stone Soup version 0.30-a0-118-ga018f8e90f (webtiles) character file.

Game seed: 653840062077302143

264 MisterAzrael the Magician (level 6, -11/46 HPs)
             Began as a Djinni Earth Elementalist on Sept 14, 2022.
             Was an Initiate of Gozag.
             Mangled by an iguana (14 damage)
             ... on level 4 of the Dungeon.
             The game lasted 00:03:31 (4022 turns).

MisterAzrael the Magician (DjEE)                    Turns: 4022, Time: 00:03:32

Health: -11/46     AC:  2    Str:  7    XL:     6   Next: 43%
Gold:   199        EV: 12    Int: 24    God:    Gozag SH:  0 Dex: 14

rFire   + + +      SeeInvis .    (no weapon)
rCold   x x .      Faith    .    (no shield)
rNeg    . . .      Spirit   .    a - +0 robe
rPois   ∞          Reflect  .    (no helmet)
rElec   .          Harm     .    (no cloak)
rCorr   .          Rampage  .    (no gloves)
Will    .....                    (boots unavailable)
Stlth   ++........               (no amulet)
HPRegen 0.15/turn                l - ring of Turpheyja {+Blink Int+6}
MPRegen 0.00/turn                d - ring of fire

@: attractive, flying, very slightly contaminated
A: sickness immunity, fire resistance 2, cold vulnerability 1, float, innate
caster, HP casting, extra vitality 1
a: Renounce Religion, Evoke Blink, Potion Petition, Call Merchant, Bribe Branch


You were on level 4 of the Dungeon.
You worshipped Gozag.
Gozag was aware of your devotion.
You visited 1 branch of the dungeon, and saw 4 of its levels.

You collected 223 gold pieces.
You paid 24 gold pieces to Gozag.

Inventory:

Armour
 a - a +0 robe (worn)
Jewellery
 d - a ring of fire (right hand)
 h - an amulet of faith
 l - the ring of Turpheyja (left hand) {+Blink Int+6}
   (You found it on level 2 of the Dungeon)

   [ring of intelligence]

   Int:       It affects your intelligence (+6).
   +Blink:    It lets you blink.
Wands
 t - a wand of charming (5)
Scrolls
 b - 7 scrolls of identify {unknown}
 c - 2 scrolls of noise {unknown}
 e - a scroll of magic mapping {unknown}
 g - a scroll of enchant armour {unknown}
 p - a scroll of immolation {unknown}
 r - a scroll of vulnerability {unknown}
Potions
 f - a potion of berserk rage {unknown}
 i - a potion of attraction
 j - a potion of resistance {unknown}
 k - a potion of heal wounds {unknown}
 m - a potion of might {unknown}
 n - a potion of flight {unknown}
 o - a potion of degeneration {unknown}
 q - a potion of ambrosia {unknown}
 s - a potion of brilliance {unknown}


   Skills:
 + Level 3.1 Fighting
 - Level 2.1 Dodging
 - Level 1.5 Stealth
 * Level 4.4 Spellcasting


You couldn't memorise any spells.
You knew the following spells:

 Your Spells              Type           Power      Damage    Failure   Level
a - Sandblast             Erth           52%        2d12      1%          1
b - Passwall              Tmut/Erth      21%        N/A       2%          2
c - Stone Arrow           Conj/Erth      52%        3d10      4%          3
d - Petrify               Tmut/Erth      26%        N/A       14%         4
e - Freeze                Ice            100%       1d11      1%          1
f - Ensorcelled Hibernat  Hex/Ice        52%        N/A       2%          2
Your spell library was empty.

Dungeon Overview and Level Annotations

Branches:
Dungeon (4/15)
 Temple: D:4-7

Altars:
Gozag
Wu Jian

Shops:
D:1 =


Innate Abilities, Weirdness & Mutations

You are immune to sickness and miasma.
You are immune to poison.
Your flesh is very heat resistant. (rF++)
You are vulnerable to cold. (rC-)
You float through the air rather than walking.
You learn spells naturally, not from books.
Your magical power is your life essence.
You have superior vitality. (+4 MHP)


Message History

Press: ? - help, Q - select action, (/) - cycle Shift-Dir - straight line, f - gnoll
Aim: a gnoll, wielding a +2 whip of electrocution and quivering a throwing net (unaware, hasn't noticed you, 75% to hit)
The stone arrow hits the gnoll!
The gnoll is almost dead.
The gnoll is no longer distracted by gold.
The gnoll shouts!
Aiming: Stone Arrow (dangerous; 4% risk of failure)
Press: ? - help, Q - select action, (/) - cycle Shift-Dir - straight line, f/p - gnoll
Aim: a gnoll, wielding a +2 whip of electrocution and quivering a throwing net (almost dead, 75% to hit)
The stone arrow hits the gnoll!!
You kill the gnoll!
* * * LOW HITPOINT WARNING * * *
The iguana is distracted by your dazzling golden aura.
Aiming: Stone Arrow (dangerous; 4% risk of failure)
Press: ? - help, Q - select action, (/) - cycle Shift-Dir - straight line, f - iguana
Aim: an iguana (unaware, hasn't noticed you, 75% to hit)
You miscast Stone Arrow.
You are very lightly contaminated with residual magic.
Nothing appears to happen.
* * * LOW HITPOINT WARNING * * *
The iguana hisses angrily.
Aiming: Stone Arrow (dangerous; 4% risk of failure)
Press: ? - help, Q - select action, (/) - cycle Shift-Dir - straight line, f/p - iguana
Aim: an iguana (75% to hit)
The stone arrow hits the iguana.
The iguana is moderately wounded.
The iguana is no longer distracted by gold.
* * * LOW HITPOINT WARNING * * *
Aiming: Stone Arrow (dangerous; 4% risk of failure)
Press: ? - help, Q - select action, (/) - cycle Shift-Dir - straight line, f/p - iguana
Aim: an iguana (moderately wounded, 75% to hit)
The stone arrow misses the iguana.
* * * LOW HITPOINT WARNING * * *
You don't have enough health to cast this spell.
Unknown command.
It was a potion of attraction.
You feel attractive to monsters. The iguana bites you!
You die...
Your body crumbles into a pile of gold.

### ..# ## #.#
#..#.# #..#.# .#
$ #...<# ...#
##.#.#+#..... ..
#...$..... ##
#@l$......
.......$......#.
.......#$.....#
..........#.#...
##.##..####.# ..
# ##. # # #. #.


You could see an iguana.

Vanquished Creatures
  A scorpion (D:3)
  Ijyb (D:3)
  An orc wizard (D:3)
  2 adders (D:2)
  8 gnolls
  4 dart slugs
  3 orcs (D:3)
  3 ball pythons
  4 endoplasms (D:1)
  A giant cockroach (D:1)
  8 hobgoblins
  2 jackals (D:3)
  6 kobolds
  5 bats
  3 frilled lizards
  A rat (D:1)
53 creatures vanquished.

Notes
Turn   | Place    | Note
-------+----------+-------------------------------------------
     0 | D:1      | MisterAzrael the Djinni Earth Elementalist began the quest
                  | for the Orb.
     0 | D:1      | MisterAzrael set off with the following spells memorised:
                  | Sandblast, Passwall, Stone Arrow, Petrify.
     0 | D:1      | Reached XP level 1. HP: 15/15 MP: 0/0
   221 | D:1      | Found Esiazair's Jewellery Shoppe.
   319 | D:1      | Reached XP level 2. HP: 8/22 MP: 0/0
  1026 | D:1      | Found a faded altar of an unknown god.
  1268 | D:1      | Reached skill level 1 in Fighting
  1602 | D:2      | Reached skill level 3 in Spellcasting
  1602 | D:2      | Reached XP level 3. HP: 23/27 MP: 0/0
  1602 | D:2      | Learned a level 1 spell: Freeze
  1710 | D:2      | Identified the ring of Turpheyja {+Blink Int+6}
  2473 | D:3      | Noticed a scorpion
  2477 | D:3      | Killed a scorpion
  2478 | D:3      | Reached XP level 4. HP: 7/33 MP: 0/0
  2478 | D:3      | Reached XP level 5. HP: 9/38 MP: 0/0
  2478 | D:3      | Learned a level 2 spell: Ensorcelled Hibernation
  2830 | D:3      | Found an ornate altar of the Wu Jian Council.
  2842 | D:3      | Found an opulent altar of Gozag.
  2916 | D:3      | Became a worshipper of Gozag Ym Sagoz the Greedy
  3107 | D:3      | Reached skill level 4 in Spellcasting
  3249 | D:3      | Reached XP level 6. HP: 44/45 MP: 0/0
  3569 | D:3      | Noticed Ijyb
  3588 | D:3      | Killed Ijyb
  4022 | D:4      | Mangled by an iguana

Illustrated notes

Levels and vault maps discovered:
D:1:      saegor_arrival_simple_b, layout_loops_corners, serial_shops, shop,
          serial_aquarium, aquarium_bridge_long_separate
          [aquarium_subvault_balcony, aquarium_subvault_wall,
          aquarium_subvault_bridge, aquarium_subvault_window,
          aquarium_subvault_wall, aquarium_subvault_bridge], aquarium_window_2,
          aquarium_window_fake, aquarium_window_corridor_1, aquarium_view_2b,
          aquarium_pool_2, hellmonk_ecumenical_altar_inner_sanctum, st_stairs_9
D:2:      layout_basic, corexii_hall_statues_l
D:3:      layout_loops_ring, mainiacjoe_overflow_big_doors,
          kennysheep_generic_room_11, uniq_ijyb
D:4:      dreamdust_elfheim, layout_basic, minmay_temple_entry_arrows,
          minmay_misc_feat_hallway, hangedman_minor_gate_pass

Skill      XL: |  1  2  3  4  5  6 |
---------------+-------------------+-----
Fighting       | 1 2 3 |  3.1
Spellcasting   | 3 4 |  4.4
Dodging        | |  2.1
Stealth        | |  1.5

Action                   |  1- 3 |  4- 6 || total
-------------------------+-------+-------++-------
Melee: Unarmed           |       |     2 ||     2
 Cast: Sandblast         |    44 |    23 ||    67
       Stone Arrow       |     1 |    21 ||    22
  Use: Potion            |       |     1 ||     1
Armor: Robe              |     1 |     2 ||     3
Dodge: Dodged            |    14 |     3 ||    17

Table legend: (Time is in decaauts)
 A = Elapsed time spent in this place.
 B = Non-inter-level travel time spent in this place.
 C = Inter-level travel time spent in this place.
 D = Time resting spent in this place.
 E = Time spent auto-exploring this place.
 F = Levels seen in this place.
 G = Mean time per level.
                   A        B        C        D        E       F      G
               +--------+--------+--------+--------+--------+-----+--------+
         Total |   4053 |   3839 |    214 |    725 |   2773 |   4 | 1013.2 |
       Dungeon |   4053 |   3839 |    214 |    725 |   2773 |   4 | 1013.2 |
               +--------+--------+--------+--------+--------+-----+--------+

Top non-repeatable levels by time:
     D:3: 1578 daAuts
     D:1: 1468 daAuts
     D:2: 990 daAuts
     D:4: 16 daAuts
